 Seeded DCSS version 0.27.0-1-g7a08968 (webtiles) character file.

Game seed: 2102612025325667141 (custom seed)

3808 NeededCrab the Grappler (level 9, -1/93 HPs)
             Began as a Troll Monk on Oct 22, 2021.
             Was a Priest of Cheibriados.
             Slain by a wight (16 damage)
             ... on level 8 of the Dungeon.
             The game lasted 00:18:30 (6227 turns).

NeededCrab the Grappler (Troll Monk)                Turns: 6227, Time: 00:18:31

Health: -1/93      AC:  6    Str: 29    XL:     9   Next: 96%
Magic:  6/13       EV: 11    Int: 17    God:    Cheibriados [***...]
Gold:   532        SH:  0    Dex: 20    Spells: 5/8 levels left

rFire    + . .     SeeInvis .     - Unarmed
rCold    + . .     Faith    .   (no shield)
rNeg     . . .     Spirit   .   y - +2 robe
rPois    +         Reflect  .   (helmet restricted)
rElec    .         Harm     .   v - scarf {rC+ rF+}
rCorr    .         Rampage  .   (gloves unavailable)
Will     .....                  (boots unavailable)
Stlth    ++........             C - amulet of the acrobat
HPRegen  1.25/turn              e - ring of poison resistance
MPRegen  0.13/turn              (no ring)

@: studying 3 skills, very slow
A: large, unfitting armour, claws 3, regeneration 1, shaggy fur 1, tough skin 1
a: Renounce Religion, Bend Time, Temporal Distortion


You were on level 8 of the Dungeon.
You worshipped Cheibriados.
Cheibriados was most pleased with you.
You visited 2 branches of the dungeon, and saw 9 of its levels.
You also visited: Ossuary.

You collected 709 gold pieces.
You spent 177 gold pieces at shops.

Inventory:

Missiles
 c - 3 large rocks (quivered)
 f - 13 curare-tipped darts
Armour
 a - a +0 robe
 p - a +1 cloak of stealth
 v - a scarf of resistance (worn)
 y - a +2 robe (worn)
Jewellery
 e - a ring of poison resistance (left claw)
 C - an amulet of the acrobat (around neck)
Wands
 s - a wand of digging (8)
 x - a wand of flame (36)
Scrolls
 d - 4 scrolls of enchant armour
 l - a scroll of silence {unknown}
 m - a scroll of fear {unknown}
 n - 2 scrolls of enchant weapon {unknown}
 t - a scroll of magic mapping {unknown}
 w - a scroll of teleportation {unknown}
 B - a scroll of vulnerability {unknown}
 E - a scroll of noise {unknown}
Potions
 g - 3 potions of flight
 h - 2 potions of mutation {unknown}
 i - 2 potions of attraction {unknown}
 j - a potion of resistance {unknown}
 k - 8 potions of curing
 o - 2 potions of magic {unknown}
 q - 2 potions of might {unknown}
 r - a potion of ambrosia {unknown}
 u - 3 potions of haste {unknown}
 z - a potion of degeneration {unknown}
 A - a potion of cancellation {unknown}
 D - a potion of lignification {unknown}


   Skills:
 + Level 7.0 Fighting
 + Level 6.7 Throwing
 - Level 2.4 Dodging
 - Level 1.0 Stealth
 + Level 9.8 Unarmed Combat
 + Level 7.3 Invocations


You had 5 spell levels left.
You knew the following spells:

 Your Spells              Type           Power      Damage    Failure   Level
a - Beastly Appendage     Tmut           0%         N/A       24%         1
b - Wereblood             Tmut           0%         N/A       34%         2

Your spell library contained the following spells:

 Spells                   Type           Power      Damage    Failure   Level
 Sublimation of Blood     Necr           0%         N/A       34%         2
 Spider Form              Tmut/Pois      0%         N/A       56%         3
 Petrify                  Tmut/Erth      0%         N/A       93%         4
 Irradiate                Conj/Tmut      0%         3d13      100%        5


Dungeon Overview and Level Annotations

Branches:
Dungeon (8/15)             Temple (1/1) D:6         Ossuary (visited)
   Lair: D:8-11

Altars:
Cheibriados
Dithmenos
Elyvilon
Fedhas
Gozag
Hepliaklqana
Kikubaaqudgha
Makhleb
Nemelex Xobeh
Okawaru
Qazlal
Ru
Sif Muna
Trog
Uskayaw
Vehumet
Wu Jian
Xom
Yredelemnul
Zin
The Shining One

Shops:
D:7 [


Innate Abilities, Weirdness & Mutations

You are too large for most types of armour.
You have claws for hands.
Your natural rate of healing is unusually fast.
You are covered in fur. (AC +1)
You have tough skin. (AC +1)


Message History

The centaur warrior barely misses you. The orc warrior closely misses you.
You claw the centaur warrior!
The centaur warrior is almost dead.
The centaur warrior hits you with a +0 spear!
* * * LOW HITPOINT WARNING * * *
The centaur warrior kicks you but does no damage.
You mangle the centaur warrior!!
You kill the centaur warrior!
Cheibriados thoroughly appreciates the change of pace.
The orc warrior hits you from afar with a +0 trident!
* * * LOW HITPOINT WARNING * * *
Your Fighting skill increases to level 7!
Your Invocations skill increases to level 7!
You feel much better.
The orc warrior hits you from afar with a +0 trident!
* * * LOW HITPOINT WARNING * * *
Okay, then.
The orc warrior misses you. The orc warrior completely misses you.
Items here: $ ( )) †.
You mangle the orc warrior!!
You kill the orc warrior!
Cheibriados appreciates the change of pace.
You can now inflict damage on those overly hasty.
Cheibriados raises the support of your attributes as your movement slows.
The gnoll shaman invokes the aid of its god against you.
You easily resist.
Okay, then.
Okay, then.
The gnoll shaman misses you.
The gnoll shaman hits you with a +0 club.
* * * LOW HITPOINT WARNING * * *
The flow of time bends around you.
Cheibriados rebukes the wight.
The wight seems to slow down.
Cheibriados rebukes the gnoll shaman.
The gnoll shaman seems to slow down.
You can no longer inflict damage on those overly hasty.
Cheibriados lowers the support of your attributes as your movement quickens.
The wight hits you with a +3 great sword of freezing!
You die...

#. # #. ...###.#.###$#
#.# ......#..).g# #)..
..#....)#.z...#
#...###.#.###.#.###.#
#.......#.....#.....
#........[...........
##.........gz.........
#.......)..@.[....###.
#...............=##
#............#.#.#
#.......<(.#.#.#.#
###....≈..####.#...#
.......≈≈.# #.####
#....≈..# ... #
#####...# .# #
##8###8#...# ##8#


You could see a gnoll shaman (slow) and a wight (slow).

Vanquished Creatures
  A centaur warrior (D:8)
  Grinder (D:5)
  2 wyverns
  3 water moccasins
  An orc warrior (D:8)
  2 ice beasts
  A black bear (D:6)
  A necrophage (D:5)
  3 ogres
  A centaur (D:8)
  A phantom (D:6)
  A kobold brigand (D:8)
  2 bullfrogs (D:7)
  3 elf skeletons (D:4)
  2 scorpions
  A water moccasin zombie (D:6)
  2 water moccasin skeletons
  2 howler monkeys
  A bullfrog zombie (D:6)
  3 centaur zombies
  An orc priest (D:7)
  A gnoll shaman (D:8)
  Crazy Yiuf (D:3)
  A hound (D:5)
  4 iguanas
  5 human skeletons (D:4)
  A killer bee zombie (D:8)
  8 mummies (Ossuary)
  3 gnolls (D:8)
  4 adders
  A shadow imp (D:7)
  A white imp (D:7)
  An adder skeleton (D:4)
  A dart slug (D:5)
  4 orcs (D:7)
  12 endoplasms
  5 giant cockroaches
  10 goblins
  4 hobgoblins
  8 jackals
  8 quokkas
  4 ball pythons
  5 bats
  3 frilled lizards
  A gnoll zombie (Ossuary)
  3 hobgoblin zombies (Ossuary)
  4 kobolds
  3 kobold zombies (Ossuary)
  3 orc skeletons (D:4)
  An orc zombie (Ossuary)
  2 rats
147 creatures vanquished.

Vanquished Creatures (others)
  5 plants (D:2)
5 creatures vanquished.

Grand Total: 152 creatures vanquished

Notes
Turn   | Place    | Note
-------+----------+-------------------------------------------
     0 | D:1      | NeededCrab the Troll Monk began the quest for the Orb.
     0 | D:1      | Reached XP level 1. HP: 22/22 MP: 0/0
   120 | D:1      | Reached XP level 2. HP: 27/29 MP: 1/1
   653 | D:2      | Reached skill level 4 in Unarmed Combat
   863 | D:2      | Reached XP level 3. HP: 36/36 MP: 2/2
   932 | D:2      | Reached skill level 1 in Throwing
  1381 | D:3      | Found a blossoming altar of Fedhas.
  1460 | D:3      | You fall into a shaft and drop 2 floors!
  1460 | D:5      | Entered Level 5 of the Dungeon
  1471 | D:5      | Noticed a scorpion
  1492 | D:5      | Reached XP level 4. HP: 32/44 MP: 3/3
  1497 | D:5      | Killed a scorpion
  1498 | D:5      | Reached skill level 5 in Unarmed Combat
  1498 | D:5      | Reached XP level 5. HP: 44/50 MP: 4/4
  1655 | D:5      | Noticed an ogre
  1671 | D:5      | Noticed a wyvern
  1697 | D:5      | Reached skill level 6 in Unarmed Combat
  1697 | D:5      | Reached XP level 6. HP: 56/59 MP: 5/5
  1716 | D:5      | Noticed an ice beast
  1722 | D:5      | Killed an ice beast
  1916 | D:4      | Reached XP level 7. HP: 39/66 MP: 6/6
  1926 | D:4      | Reached skill level 7 in Unarmed Combat
  1953 | D:4      | Found a sand-covered staircase.
  1963 | Ossuary  | Entered an ossuary
  2306 | D:3      | Found a faded altar of an unknown god.
  2316 | D:3      | Became a worshipper of Cheibriados the Contemplative
  2316 | D:3      | Reached * piety under Cheibriados
  2316 | D:3      | Reached ** piety under Cheibriados
  2468 | D:3      | Found a runed translucent door.
  2469 | D:3      | Noticed Crazy Yiuf
  2510 | D:3      | Killed Crazy Yiuf
  2628 | D:3      | Found an ornate altar of the Wu Jian Council.
  2690 | D:3      | Found a sacrificial altar of Ru.
  2741 | D:3      | Reached *** piety under Cheibriados
  3252 | D:4      | Reached skill level 8 in Unarmed Combat
  3252 | D:4      | Reached skill level 1 in Invocations
  3448 | D:4      | Identified 4 scrolls of acquirement
  3449 | D:4      | Acquired a manual of Fighting
  3451 | D:4      | Acquired a scarf of resistance
  3463 | D:4      | Acquired a manual of Invocations
  3465 | D:4      | Acquired a ring of poison resistance
  3518 | D:5      | Reached XP level 8. HP: 74/74 MP: 6/8
  3872 | D:5      | Reached skill level 5 in Throwing
  3926 | D:5      | Noticed Grinder
  3934 | D:5      | Killed Grinder
  4134 | D:6      | Reached skill level 5 in Fighting
  4134 | D:6      | Reached XP level 9. HP: 88/88 MP: 11/11
  4156 | D:6      | Reached skill level 9 in Unarmed Combat
  4156 | D:6      | Reached skill level 5 in Invocations
  4159 | D:6      | Found an iron altar of Okawaru.
  4188 | D:6      | Learned a level 1 spell: Beastly Appendage
  4191 | D:6      | Learned a level 2 spell: Wereblood
  4243 | D:6      | Found a staircase to the Ecumenical Temple.
  4294 | Temple   | Entered the Ecumenical Temple
  4668 | D:7      | Found Vynesmo's Armour Boutique.
  4675 | D:7      | Bought a +2 robe for 177 gold pieces
  4859 | D:7      | Found a stormy altar of Qazlal.
  5607 | D:7      | Reached **** piety under Cheibriados
  6157 | D:8      | Acquired a manual of Armour
  6199 | D:8      | Identified the +8 hunting sling of Zoicich {venom, rElec
                  | Int+2}
  6214 | D:8      | Noticed a centaur warrior
  6218 | D:8      | Killed a centaur warrior
  6218 | D:8      | HP: 4/91 [orc warrior (7)]
  6227 | D:8      | Slain by a wight

Illustrated notes

Levels and vault maps discovered:
D:1:      minmay_arrival_up_and_down, layout_basic
D:2:      layout_basic, grunt_ministairs_11, serial_bayou_lake_a
D:3:      layout_loops_ring, fedhas_altar_2, mainiacjoe_overflow_big_doors,
          ebering_ecumenical_altar_webs, grunt_ministairs_9,
          uniq_crazy_yiuf_cottage
D:4:      layout_basic, nicolae_ossuary_entry_catacombs, minmay_misc_feat_chi
D:5:      layout_loops_cross, uniq_grinder
D:6:      layout_rooms, okawaru_trees_1, temple_fountains, serial_curves,
          eino_curves_03, eino_curves_02, minmay_misc_feat_enclosed
D:7:      layout_layer_cave, mainiacjoe_overflow_tiny_flanked, serial_shops,
          shop_statue
D:8:      hangedman_cross_stitches, layout_basic, serial_corexii_hall,
          corexii_hall_statues_x, corexii_hall_statues_s,
          corexii_hall_statues_i, corexii_hall_statues_i,
          corexii_hall_statues_i, chequers_hall_statues_y, nrook_loot_triangle,
          minmay_manual_monstrance, uniq_erica, uniq_grum
Temple:   lightli_temple_of_artemis

Skill      XL: |  1  2  3  4  5  6  7  8  9 |
---------------+----------------------------+-----
Unarmed Combat | 4 5 6 8 9 |  9.8
Throwing       | 1 2 3 4 5 6 |  6.7
Invocations    | 1 4 7 |  7.3
Fighting       | 5 7 |  7.0
Dodging        | |  2.4
Stealth        | |  1.0

Action                   |  1- 3 |  4- 6 |  7- 9 || total
-------------------------+-------+-------+-------++-------
Melee: Unarmed           |    96 |    74 |   246 ||   416
       Punch             |     1 |     1 |    14 ||    16
Invok: Bend Time         |       |       |     3 ||     3
       Slouch            |       |       |     1 ||     1
  Use: Scroll            |       |       |    10 ||    10
       Potion            |       |       |     3 ||     3
 Stab: Sleeping          |     7 |     3 |     6 ||    16
Armor: Robe              |    16 |    17 |    51 ||    84
Dodge: Dodged            |    46 |    34 |   145 ||   225
